 Dungeon Crawl Stone Soup version 0.30.0-29-ga12c61a403 (webtiles) character file.

Game seed: 17737508057335356720

4637 H0rd4k the Basher (level 10, -2/77 HPs)
             Began as a Human Artificer on June 20, 2023.
             Was an Initiate of Gozag.
             Killed from afar by an electric eel (10 damage)
             ... with a bolt of electricity
             ... on level 10 of the Dungeon.
             The game lasted 00:13:22 (8997 turns).

H0rd4k the Basher (Human Artificer)                 Turns: 8997, Time: 00:13:24

Health: -2/77      AC:  6    Str: 12    XL:     10   Next: 70%
Magic:  0/10       EV: 14    Int: 17    God:    Gozag
Gold:   537        SH:  0    Dex: 13    Spells: 9/9 levels left

rFire   . . .        z - +1 whip (elec)
rCold   . . .        (no shield)
rNeg    . . .        b - +0 leather armour
rPois   +            (no helmet)
rElec   .            y - scarf {repulsion}
rCorr   .            (no gloves)
SInv    .            A - +2 pair of boots
Will    .....        a - amulet of guardian spirit
Stlth   ++           i - ring of poison resistance
HPRegen 0.32/turn    S - ring of flight
MPRegen 0.12/turn

%: repel missiles, guardian spirit
@: flying, studying 2 skills
A: no striking features
a: Renounce Religion, Potion Petition, Call Merchant, Bribe Branch


You were on level 10 of the Dungeon.
You worshipped Gozag.
Gozag was pleased with you.
You visited 2 branches of the dungeon, and saw 11 of its levels.
You also visited: Ossuary.

You collected 666 gold pieces.
You paid 129 gold pieces to Gozag.

Inventory:

Hand Weapons
 k - a +0 short sword of holy wrath
 z - a +1 whip of electrocution (weapon)
 Q - a +2 dagger of venom
Missiles
 B - 3 throwing nets
 D - 29 poisoned darts
 P - 3 curare-tipped darts
 T - 16 boomerangs of dispersal
Armour
 b - a +0 leather armour (worn)
 y - a scarf of repulsion (worn)
 A - a +2 pair of boots (worn)
Magical Staves
 f - a staff of air
Jewellery
 a - an amulet of guardian spirit (around neck)
 i - a ring of poison resistance (left hand)
 N - a ring of protection from fire
 S - a ring of flight (right hand)
Wands
 c - a wand of flame (8) (quivered)
 d - a wand of charming (8)
 e - a wand of iceblast (3)
 R - a wand of polymorph (2)
Scrolls
 g - a scroll of enchant weapon {unknown}
 h - 3 scrolls of teleportation
 n - 3 scrolls of vulnerability
 o - 4 scrolls of blinking
 p - 2 scrolls of fog
 r - 3 scrolls of magic mapping
 t - a scroll of noise {unknown}
 x - 3 scrolls of immolation
 C - a scroll of poison {unknown}
 E - a scroll of enchant armour {unknown}
 I - a scroll of fear {unknown}
 L - a scroll of amnesia {unknown}
 U - a scroll of silence {unknown}
Potions
 j - 3 potions of haste
 q - 3 potions of resistance
 s - 7 potions of curing
 u - 3 potions of flight
 v - 3 potions of mutation
 w - 6 potions of degeneration
 F - 3 potions of heal wounds
 G - a potion of invisibility {unknown}
 H - a potion of cancellation {unknown}
 J - a potion of brilliance {unknown}
 K - a potion of lignification {unknown}
 M - 2 potions of might
 O - 2 potions of berserk rage {unknown}


   Skills:
 + Level 6.4 Fighting
 + Level 10.0 Maces & Flails
 - Level 2.0 Armour
 + Level 7.0 Dodging
 + Level 4.6 Stealth
 + Level 6.2 Evocations


You had 9 spell levels left.
You didn't know any spells.
Your spell library contained the following spells:

 Spells                   Type           Power      Damage    Failure   Level
 Freeze                   Ice            0%         1d3       30%         1
 Magic Dart               Conj           0%         1d3       30%         1
 Summon Small Mammal      Summ           0%         N/A       30%         1
 Blink                    Tloc           0%         N/A       41%         2
 Ensorcelled Hibernation  Hex/Ice        0%         N/A       41%         2
 Lesser Beckoning         Tloc           0%         N/A       41%         2
 Momentum Strike          Conj/Tloc      0%         3d8       41%         2
 Passwall                 Tmut/Erth      0%         N/A       41%         2
 Searing Ray              Conj           0%         2d4       41%         2
 Call Canine Familiar     Summ           0%         N/A       65%         3
 Frozen Ramparts          Ice            0%         1d1       65%         3
 Hailstorm                Conj/Ice       0%         3d3       65%         3
 Ozocubu's Armour         Ice            0%         N/A       65%         3
 Summon Guardian Golem    Hex/Summ       0%         N/A       65%         3
 Swiftness                Air            0%         N/A       65%         3
 Fulminant Prism          Conj/Hex       0%         3d5       96%         4
 Ozocubu's Refrigeration  Ice            0%         4d7       100%        7


Dungeon Overview and Level Annotations

Branches:
Dungeon (10/15)            Temple (1/1) D:5         Ossuary (visited)
   Lair: D:8-11         Orc: D:9-12

Altars:
Ashenzari
Cheibriados
Dithmenos
Elyvilon
Fedhas
Gozag
Makhleb
Nemelex Xobeh
Okawaru
Qazlal
Ru
Sif Muna
Trog
Vehumet
Wu Jian
Xom
Yredelemnul
Zin
The Shining One

Shops:
D:6 [

Annotations:
D:8 Prince Ribbit


Message History

You fly downwards.
Found 19 gold pieces.
There is a stone staircase leading up here.
You now have 537 gold pieces (gained 19).
w - 6 potions of degeneration (gained 1)
An electric eel comes into view.
An electric eel is nearby!
The electric eel shoots out a bolt of lightning at you!
The bolt of electricity hits you! x2
You whack the electric eel!
The electric eel is moderately wounded.
You completely miss the electric eel.
The electric eel is moderately wounded.
The electric eel shoots out a bolt of lightning at you!
The bolt of electricity hits you! x2
You hit the electric eel.
The electric eel is heavily wounded.
You closely miss the electric eel.
The electric eel is heavily wounded.
The electric eel shoots out a bolt of lightning at you!
The bolt of electricity hits you. The bolt of electricity hits you!
You closely miss the electric eel.
The electric eel is heavily wounded.
The electric eel shoots out a bolt of lightning at you!
The bolt of electricity hits you! x2
* * * LOW HITPOINT WARNING * * *
You barely miss the electric eel.
The electric eel is heavily wounded.
You closely miss the electric eel.
The electric eel is heavily wounded.
You hit the electric eel.
The electric eel is severely wounded.
You hit the electric eel.
The electric eel is severely wounded.
The electric eel shoots out a bolt of lightning at you!
The bolt of electricity hits you!
* * * LOW HITPOINT WARNING * * *
The bolt of electricity hits you!
You die...
Your body crumbles into a pile of gold.

#......# ########.####.#
..#.......# #.#
#.#.####..###.#. #.#.#
#......#.
#######.#.####...####. .
#.....................
....#~~~#.#....#...#....
#~~S@~.#....#...#....
........................
.#~~~~~~~.~.......##....
........~.#.###.........
..##~~~.~.#.# #..###....
. ##≈~.#.#.# #..# #...<
##≈.#.. . ###~. ##.#.#.
.... ###≈.


You could see an electric eel.

Vanquished Creatures
  Joseph (D:8)
  A troll (D:6)
  Grinder (D:5)
  Sigmund (D:5)
  2 yaks (D:8)
  2 wyverns
  Eustachio (D:4)
  Menkaure (D:4)
  Duvessa (D:7)
  An ice beast (D:5)
  An ogre (D:4)
  A centaur (D:5)
  A phantom (D:4)
  4 kobold brigands
  Blork the orc (D:5)
  2 gnoll sergeants (D:9)
  A bullfrog (D:7)
  5 scorpions
  Dowan (D:7)
  5 killer bees
  2 centaur zombies (Ossuary)
  4 howler monkeys
  2 hounds
  2 jellies
  A human zombie (Ossuary)
  3 iguanas
  Ijyb (D:4)
  3 mummies (Ossuary)
  4 gnolls (D:6)
  6 adders
  2 shadow imps
  2 worms
  2 dart slugs
  8 orcs
  2 endoplasms (D:2)
  3 giant cockroaches
  A gnoll zombie (Ossuary)
  4 goblins (D:2)
  12 hobgoblins
  4 jackals (D:2)
  23 kobolds
  2 quokkas
  6 ball pythons
  6 bats
  A frilled lizard (D:4)
  2 goblin zombies (Ossuary)
  A kobold zombie (Ossuary)
  An orc zombie (Ossuary)
  4 rats
148 creatures vanquished.

Vanquished Creatures (collateral kills)
  An acid dragon (D:9)
  A centaur (D:9)
  A kobold brigand (D:7)
  A phantom (D:4)
  A howler monkey (D:9)
  7 gnolls (D:9)
12 creatures vanquished.

Vanquished Creatures (others)
  Psyche (D:8)
  A yak (D:8)
2 creatures vanquished.

Grand Total: 162 creatures vanquished

Notes
Turn   | Place    | Note
-------+----------+-------------------------------------------
     0 | D:1      | H0rd4k the Human Artificer began the quest for the Orb.
     0 | D:1      | Reached XP level 1. HP: 15/15 MP: 1/1
   788 | D:1      | Reached XP level 2. HP: 21/21 MP: 2/2
   924 | D:2      | Reached skill level 1 in Maces & Flails
   997 | D:2      | Reached XP level 3. HP: 23/26 MP: 3/3
  1218 | D:2      | Reached XP level 4. HP: 32/32 MP: 4/4
  1315 | D:2      | Reached skill level 2 in Maces & Flails
  1615 | D:3      | Found a sparkling altar of Nemelex Xobeh.
  1615 | D:3      | Found a glowing silver altar of Zin.
  1615 | D:3      | Found a shimmering altar of Xom.
  2446 | D:4      | Reached XP level 5. HP: 8/37 MP: 5/5
  2446 | D:4      | Noticed Menkaure
  2449 | D:4      | Killed Menkaure
  2450 | D:4      | Reached skill level 3 in Maces & Flails
  2450 | D:4      | Reached XP level 6. HP: 11/44 MP: 6/6
  2780 | D:4      | Noticed an ogre
  2786 | D:4      | Reached skill level 4 in Maces & Flails
  2838 | D:4      | Reached XP level 7. HP: 51/51 MP: 7/7
  2875 | D:4      | Found an iron altar of Okawaru.
  2962 | D:4      | Found a blossoming altar of Fedhas.
  3144 | D:4      | Reached skill level 5 in Maces & Flails
  3406 | D:4      | Noticed Eustachio
  3474 | D:4      | Noticed Ijyb
  3528 | D:4      | Killed Eustachio
  3528 | D:4      | Killed Ijyb
  3529 | D:4      | Reached XP level 8. HP: 54/58 MP: 8/8
  3547 | D:4      | Reached skill level 6 in Maces & Flails
  3787 | D:5      | Entered Level 5 of the Dungeon
  3890 | D:5      | Found a staircase to the Ecumenical Temple.
  3897 | Temple   | Entered the Ecumenical Temple
  4017 | D:5      | Noticed Grinder
  4036 | D:5      | Killed Grinder
  4046 | D:5      | Noticed Blork the orc
  4049 | D:5      | Killed Blork the orc
  4109 | D:5      | Found an ornate altar of the Wu Jian Council.
  4173 | D:5      | Reached skill level 7 in Maces & Flails
  4173 | D:5      | Reached XP level 9. HP: 65/65 MP: 9/9
  4203 | D:5      | Found a sand-covered staircase.
  4211 | Ossuary  | Entered an ossuary
  5086 | D:5      | Reached skill level 5 in Evocations
  5154 | D:5      | Noticed Sigmund
  5167 | D:5      | Killed Sigmund
  5536 | D:6      | Found a radiant altar of Vehumet.
  5647 | D:6      | Noticed a troll
  5650 | D:6      | Killed a troll
  5651 | D:6      | Reached skill level 5 in Dodging
  5832 | D:6      | Found Qempyinn's Antique Armour Emporium.
  5847 | D:6      | Found a bloodstained altar of Trog.
  5848 | D:6      | Found a glowing golden altar of the Shining One.
  6078 | D:6      | Reached skill level 8 in Maces & Flails
  6672 | D:7      | Reached skill level 5 in Fighting
  6831 | D:7      | Noticed Duvessa
  6831 | D:7      | Noticed Dowan
  6842 | D:7      | Killed Duvessa
  6844 | D:7      | Killed Dowan
  7071 | D:7      | Reached XP level 10. HP: 56/74 MP: 7/10
  7454 | D:8      | Reached skill level 9 in Maces & Flails
  7469 | D:8      | Noticed Psyche
  7476 | D:8      | Noticed Joseph
  7484 | D:8      | Your ally Psyche died
  7711 | D:8      | Killed Joseph
  7767 | D:8      | Found an opulent altar of Gozag.
  7799 | D:8      | Became a worshipper of Gozag Ym Sagoz the Greedy
  7828 | D:8      | Noticed Prince Ribbit
  8822 | D:9      | Reached skill level 10 in Maces & Flails
  8916 | D:9      | Identified a scroll of acquirement
  8916 | D:9      | Acquired a manual of Maces & Flails
  8950 | D:10     | Entered Level 10 of the Dungeon
  8997 | D:10     | Killed from afar by an electric eel

Illustrated notes

Levels and vault maps discovered:
D:1:      nicolae_arrival_somewhat_less_tricky_arrival, layout_basic,
          corexii_corridor_pit
D:2:      cheibrodos_greedy_goblins, layout_rooms, minmay_tiny_reverse_x
D:3:      layout_loops_ring, gammafunk_temple_overflow_claw
D:4:      layout_gridville, okawaru_ov_weapons_minmay, fedhas_altar_1,
          nrook_loot_triangle, hangedman_decor_push, minivault_5,
          lexackson_kobold_supper, uniq_menkaure, uniq_eustachio, uniq_ijyb
D:5:      layout_loops_corners, nicolae_wu_jian_glorious_leap,
          minmay_temple_entry_arrows, nicolae_ossuary_entry_plus, uniq_sigmund,
          uniq_blork_the_orc, uniq_grinder
D:6:      layout_loops_ring, amethyst_overflow_temple_binary,
          nicolae_vehumet_radiance, serial_shops, shop
D:7:      layout_gridville, minmay_unpleasant_kobolds, uniq_duvessa
D:8:      minmay_evil_eye, layout_cave_pools, kennysheep_vampire_church,
          mainiacjoe_overflow_paths, uniq_joseph, uniq_psyche,
          uniq_prince_ribbit1
D:9:      layout_roguey, ebering_dispersal_statue_hall,
          kennysheep_generic_room_6
D:10:     layout_basic, nicolae_uskayaw_dance_studio,
          nicolae_hepliaklqana_hippocampus, dpeg_lair_monsters
Temple:   compressed_dpeg_triangle_lava_temple

Skill      XL: |  1  2  3  4  5  6  7  8  9 10 |
---------------+-------------------------------+-----
Maces & Flails | 1 2 3 4 5 7 8 10 | 10.0
Fighting       | 2 3 4 5 6 |  6.4
Dodging        | 2 3 4 5 7 |  7.0
Evocations     | 4 5 6 |  6.2
Stealth        | 2 4 |  4.6
Armour         | |  2.0

Action                     |  1- 3 |  4- 6 |  7- 9 | 10-12 || total
---------------------------+-------+-------+-------+-------++-------
  Melee: Club              |   100 |   148 |       |       ||   248
         Punch             |       |     1 |     5 |     3 ||     9
         Whip              |       |    20 |   296 |   144 ||   460
  Evoke: Wand              |     5 |    10 |    26 |    15 ||    56
    Use: Scroll            |       |       |       |    11 ||    11
   Stab: Sleeping          |     1 |     1 |     4 |       ||     6
         Distracted        |       |       |     1 |     1 ||     2
 Armour: Leather armour    |    35 |    62 |    57 |    15 ||   169
  Dodge: Dodged            |    65 |   125 |   134 |    64 ||   388
